 Dungeon Crawl Stone Soup version 0.24.0-37-gcf1ca852f1 (webtiles) character file.

Game seed: 17820157968811287553, levelgen mode: deterministic

119 Nattfarinn the Vandal (level 5, 0/35 HPs)
             Began as a Halfling Hunter on Nov 21, 2019.
             Slain by Grinder (5 damage)
             ... while paralysed by Grinder
             ... on level 3 of the Dungeon.
             The game lasted 00:04:43 (2282 turns).

Nattfarinn the Vandal (Halfling Hunter)             Turns: 2282, Time: 00:04:45

Health: 0/35       AC:  7    Str: 13    XL:     5   Next: 23%
Magic:  5/5        EV:  3    Int: 10    God:
Gold:   138        SH:  0    Dex: 15    Spells: 4/4 levels left

rFire    . . .     SeeInvis .   a - +3 hunting sling
rCold    . . .     Gourm    .   (shield restricted)
rNeg     . . .     Faith    .   r - +0 scale mail
rPois    .         Spirit   .   t - +0 helmet
rElec    .         Reflect  .   (no cloak)
rCorr    .         Harm     .   (no gloves)
MR       .....                  (no boots)
Stlth    ..........             (no amulet)
HPRegen  0.11/turn              (no ring)
MPRegen  0.09/turn              (no ring)

@: paralysed
A: small, mutation resistance 1
a: no special abilities


You were on level 3 of the Dungeon.
You were not hungry.

You visited 1 branch of the dungeon, and saw 3 of its levels.

You collected 138 gold pieces.

Inventory:

Hand Weapons
 a - a +3 hunting sling (weapon)
 b - a +0 short sword
Missiles
 i - 59 stones (quivered)
 k - 31 bolts
Armour
 c - a +0 leather armour
 r - a +0 scale mail (worn)
 t - a +0 helmet (worn)
Wands
 p - a wand of enslavement (5)
Scrolls
 g - 2 scrolls of teleportation
 h - 2 scrolls of remove curse
 n - a scroll of enchant weapon {unknown}
Potions
 e - 2 potions of lignification {unknown}
 j - 3 potions of heal wounds
 l - 2 potions of agility {unknown}
 m - 2 potions of cancellation {unknown}
 q - 3 potions of curing
 s - a potion of might {unknown}
Comestibles
 f - 3 rations
 o - 4 chunks of flesh


   Skills:
 + Level 2.4 Fighting
 + Level 1.9 Short Blades
 * Level 7.0 Slings
 + Level 1.5 Armour
 + Level 3.0 Dodging
 - Level 1.1 Stealth


You had 4 spell levels left.
You didn't know any spells.
Your spell library was empty.

Dungeon Overview and Level Annotations

Branches:
Dungeon (3/15)

Altars:

Annotations:
D:3 Grinder


Innate Abilities, Weirdness & Mutations

You are small and have problems with some larger weapons.
You are somewhat resistant to further mutation.


Message History

Firing (i - inventory)
i - 61 stones (quivered)
Press: ? - help, Shift-Dir - straight line, f/p - Grinder
Aim: Grinder (heavily wounded)
You shoot a stone. The stone closely misses Grinder.
Firing (i - inventory)
i - 60 stones (quivered)
Press: ? - help, Shift-Dir - straight line, f/p - Grinder
Aim: Grinder (heavily wounded)
You shoot a stone. The stone barely misses Grinder.
Grinder gestures at you.
You suddenly lose the ability to move!
Grinder gestures at you. You resist with significant effort. Grinder hits you!
You writhe in agony.
* * * LOW HITPOINT WARNING * * *
Grinder hits you.
* * * LOW HITPOINT WARNING * * *
You writhe in agony.
* * * LOW HITPOINT WARNING * * *
Grinder hits you.
You die...

#.# ##.# #.# #...
#.####### #..# #.......#
#..# #..####.# #(.# #..#
#.# #..# # #..#
#.###..###### #. #..#
#..(........##### .
##..########(.5@.......#
#.............####.###.# #
#.......####...# #.....# #
#.#####.# #.#.#
#.....######### #.#
#.####...###..............
#.#
#................#########
#.# #.####..####.....# #.#
#.# #..# #.###.# #.#
###.## #..####.###.#


You could see Grinder.

Vanquished Creatures
  Ijyb (D:3)
  2 adders (D:2)
  2 oozes
  2 worms (D:2)
  2 leopard geckos (D:2)
  A ball python (D:1)
  5 bats
  3 giant cockroaches
  11 goblins
  5 hobgoblins
  7 jackals
  A quokka (D:2)
  A frilled lizard (D:3)
  6 kobolds
  4 rats
53 creatures vanquished.

Notes
Turn   | Place    | Note
-------+----------+-------------------------------------------
     0 | D:1      | Nattfarinn the Halfling Hunter began the quest for the Orb.
     0 | D:1      | Reached XP level 1. HP: 14/14 MP: 1/1
   170 | D:1      | Reached skill level 6 in Slings
   357 | D:1      | Reached XP level 2. HP: 15/19 MP: 2/2
   626 | D:1      | Reached skill level 1 in Short Blades
   799 | D:1      | Reached XP level 3. HP: 24/24 MP: 3/3
  1394 | D:2      | Reached skill level 1 in Armour
  1403 | D:2      | Reached XP level 4. HP: 28/29 MP: 4/4
  2076 | D:3      | Noticed Ijyb
  2083 | D:3      | Killed Ijyb
  2083 | D:3      | Reached skill level 7 in Slings
  2083 | D:3      | Reached XP level 5. HP: 35/35 MP: 5/5
  2237 | D:3      | Noticed Grinder
  2266 | D:3      | Paralysed by Grinder for 3 turns
  2278 | D:3      | Paralysed by Grinder for 7 turns
  2282 | D:3      | Slain by Grinder

Levels and vault maps discovered:
D:1:      grunt_arrival_lava_bath, layout_loops_ring
D:2:      layout_loops_corners, skrybe_limestone_x
D:3:      layout_loops_ring, evilmike_ruin_ashenzari,
          chequers_ecumenical_altar_lobes, first_ration, uniq_grinder, uniq_ijyb

Skill      XL: |  1  2  3  4 |
---------------+-------------+-----
Slings         | 6 7 |  7.0
Short Blades   | 1 |  1.9
Fighting       | 2 |  2.4
Armour         | 1 |  1.5
Dodging        | 3 |  3.0
Stealth        | |  1.1

Action                   |  1- 3 |  4- 6 || total
-------------------------+-------+-------++-------
Melee: Short sword       |     9 |       ||     9
 Fire: Hunting sling     |    84 |    60 ||   144
Evoke: Wand              |       |     1 ||     1
  Use: Scroll            |       |     4 ||     4
       Potion            |       |     1 ||     1
  Eat: Chunk             |     1 |     3 ||     4
Armor: Leather armour    |     7 |       ||     7
       Scale mail        |       |     1 ||     1
Dodge: Dodged            |    35 |     5 ||    40
